Red Wings vs Penguins
Created - 20 février 2017 at 19:14
Goals
|
| Red Wings |
1 |
0 |
0 |
1 |
| Penguins |
0 |
2 |
0 |
2 |
|
Shots
|
| Red Wings |
8 |
11 |
14 |
33 |
| Penguins |
5 |
11 |
14 |
30 |
|
1st period
1. Red Wings , Rick Nash 37 (Mike Richards, Phil Kessel) at 5:24
Penalties :
Sam Gagner (Pit) for Interference (Minor) at 8:13, Luke Schenn (Pit) for Interference (Minor) at 12:46
2nd period
2. Penguins , Steven Stamkos 34 (Duncan Keith, Nathan Horton) at 11:19
3. Penguins , Nathan Horton 18 (Dion Phaneuf, Steven Stamkos) at 12:38 (PP)
Penalties :
Simon Gagné (Pit) for Hooking (Minor) at 0:29, Filip Kuba (Det) for Interference (Minor) at 12:31
3rd period
No Goal
Penalties :
Dion Phaneuf (Pit) for Hooking (Minor) at 0:05, Ales Hemsky (Det) for Slashing (Minor) at 7:36
Goalie Stats
Michal Neuvirth (Det), 28 saves from 30 shots - (0,933), L, 22-15-6, 59:08 minutes
Brian Elliott (Pit), 32 saves from 33 shots - (0,970), W, 30-7-2, 60:00 minutes
Players Stats for Red Wings
Player Name G A P +/- PIM S H SB GA TA FO MP PP MP PK MP
------------------------------------------------------------------------------------
Adam Henrique 0 0 0 0 0 3 0 0 0 0 1/1 14:31 3:31 0:00
Ales Hemsky 0 0 0 0 2 0 1 1 0 0 1/1 11:10 0:00 0:00
Alex Picard 0 0 0 0 0 1 1 0 1 0 0/1 9:04 0:00 0:00
Chris Campoli 0 0 0 0 0 2 4 0 0 2 0/0 14:02 0:00 0:00
Filip Kuba 0 0 0 1 2 1 1 2 1 0 0/0 21:23 2:59 1:00
Mike Brown 0 0 0 0 0 0 0 0 0 0 0/0 8:50 0:00 0:00
Mike Richards 0 1 1 1 0 1 2 1 0 0 19/32 21:52 4:25 0:00
Nate Thompson 0 0 0 0 0 2 0 0 0 0 2/2 8:50 0:00 0:00
Ole-Kristian Tollefsen 0 0 0 -1 0 3 2 3 1 0 0/0 25:42 4:57 1:06
Phil Kessel 0 1 1 1 0 4 0 0 3 1 0/1 21:52 4:25 0:00
Rick Nash 1 0 1 1 0 11 2 1 0 0 0/0 22:57 4:25 1:00
Sean Bergenheim 0 0 0 -1 0 1 1 0 0 0 0/0 16:01 3:31 0:00
Shea Weber 0 0 0 -1 0 0 1 1 0 0 0/0 25:31 4:57 1:00
Stephane Robidas 0 0 0 1 0 0 0 0 0 0 0/0 19:21 2:59 0:00
Steve Downie 0 0 0 -1 0 1 2 0 0 0 0/1 13:28 0:00 1:06
Tim Ramholt 0 0 0 0 0 1 2 0 0 1 0/0 14:00 0:00 1:06
Tomas Plekanec 0 0 0 0 0 0 4 0 0 0 1/1 12:11 0:00 1:00
Tyler Johnson 0 0 0 -1 0 2 0 0 0 0 6/12 17:07 3:31 1:06
Players Stats for Penguins
Player Name G A P +/- PIM S H SB GA TA FO MP PP MP PK MP
------------------------------------------------------------------------------------
Bobby Ryan 0 0 0 0 0 4 1 0 0 0 0/0 18:40 1:03 2:26
Brayden Schenn 0 0 0 0 0 0 0 0 0 0 0/1 2:37 0:00 0:25
Brian McGrattan 0 0 0 -1 0 1 5 0 0 0 1/2 12:56 0:00 0:00
Cory Sarich 0 0 0 0 0 0 2 0 0 1 0/0 14:06 0:00 1:47
Dion Phaneuf 0 1 1 -1 2 2 3 3 1 0 0/0 26:59 1:34 3:58
Duncan Keith 0 1 1 1 0 0 2 3 1 1 0/0 19:32 0:32 2:48
Dustin Penner 0 0 0 0 0 1 4 0 0 0 0/0 17:01 1:03 0:47
Josef Vasicek 0 0 0 0 0 3 3 0 0 0 3/4 16:11 1:03 0:00
Luke Schenn 0 0 0 1 2 0 0 1 0 0 0/0 18:46 0:32 2:00
Max Pacioretty 0 0 0 -1 0 2 1 0 0 1 0/0 14:51 0:00 1:40
Nathan Horton 1 1 2 1 0 9 1 0 0 0 0/2 20:56 1:03 4:34
Oleg Kvasha 0 0 0 0 0 0 1 0 0 1 1/3 6:24 0:00 0:00
Paul Ranger 0 0 0 0 0 0 0 0 0 0 0/0 12:29 0:00 0:11
Sam Gagner 0 0 0 -1 2 2 0 0 0 0 3/6 13:00 0:00 0:00
Sean Zimmerman 0 0 0 -1 0 1 1 4 0 1 0/0 28:10 1:34 5:08
Simon Gagné 0 0 0 1 2 0 1 0 0 1 0/0 17:49 1:03 1:39
Steve Sullivan 0 0 0 0 0 0 2 1 0 0 0/0 6:24 0:00 0:00
Steven Stamkos 1 1 2 1 0 5 2 1 2 0 14/34 25:09 1:03 4:21
3 Stars
1 - Brian Elliott (Pit)
2 - Steven Stamkos (Pit)
3 - Nathan Horton (Pit)
Power Play
Red Wings - 0 on 4 Attempt(s) - 0,00%
Penguins - 1 on 2 Attempt(s) - 50,00%
Penalty Kill
Red Wings - 1 on 2 Attempt(s) - 50,00%
- Score 0 goal in Penalty Kill
Penguins - 4 on 4 Attempt(s) - 100,00%
- Score 0 goal in Penalty Kill
Team Stat
Red Wings - Hits : 23 - Faceoff Wins : 30 - Blocked Shots : 9 - Penalty Minutes : 4
Penguins - Hits : 29 - Faceoff Wins : 22 - Blocked Shots : 13 - Penalty Minutes : 8
Official
Referees : McCauley Wes and Morton Dean
Linesman : Brian Murphy and Mark Wheler
Game Notes
0:34 of 2nd period - Red Wings goal is going for a video replay. After video review, No Goal. The puck has been directed, batted or thrown into the net by an attacking player other than with a stick.
Finance
Level 1 -- Attendance: 6000 (100,00%) -- Ticket Income 462 000 $
Level 2 -- Attendance: 5000 (100,00%) -- Ticket Income 225 000 $
Level 3 -- Attendance: 2000 (100,00%) -- Ticket Income 56 000 $
Level 4 -- Attendance: 3926 (98,15%) -- Ticket Income 78 520 $
Luxury Box -- Attendance: 926 (92,60%) -- Ticket Income 148 160 $
Game was played at the Igloo.
Total Attendance: 17852 (99,18%)
Total Ticket Income: 969 680 $
Other Income: 145 452 $
Total Income: 1 115 132 $
Red Wings
5 vs 5 Forward
Center Left Wing Right Wing Time % Phy DF OF
1 Mike Richards Rick Nash Phil Kessel 40 0 2 3
2 Tyler Johnson Sean Bergenheim Steve Downie 30 0 3 2
3 Tomas Plekanec Adam Henrique Ales Hemsky 20 0 3 2
4 Nate Thompson Alex Picard Mike Brown 10 1 2 2
5 vs 5 Defense
Defense Defense Time % Phy DF OF
1 Shea Weber Ole-Kristian Tollefsen 40 0 3 2
2 Stephane Robidas Filip Kuba 35 0 3 2
3 Chris Campoli Tim Ramholt 15 1 3 1
4 Chris Campoli Tim Ramholt 10 1 3 1
PowerPlay Forward
Center Left Wing Right Wing Time % Phy DF OF
1 Mike Richards Rick Nash Phil Kessel 60 0 1 4
2 Tyler Johnson Adam Henrique Sean Bergenheim 40 0 1 4
PowerPlay Defense
Defense Defense Time % Phy DF OF
1 Shea Weber Ole-Kristian Tollefsen 60 0 2 3
2 Filip Kuba Stephane Robidas 40 0 2 3
Penalty Kill 4 Players Forward
Center Wing Time % Phy DF OF
1 Tyler Johnson Steve Downie 50 1 2 2
2 Tomas Plekanec Rick Nash 50 1 2 2
Penalty Kill 4 Players Defense
Defense Defense Time % Phy DF OF
1 Tim Ramholt Ole-Kristian Tollefsen 50 1 2 2
2 Shea Weber Filip Kuba 50 1 2 2
Penalty Kill - 3 Players Forward
Forward Time % Phy DF OF
1 Tyler Johnson 60 1 2 2
2 Steve Downie 40 1 2 2
Penalty Kill - 3 Players Defense
Defense Defense Time % Phy DF OF
1 Tim Ramholt Ole-Kristian Tollefsen 50 1 2 2
2 Shea Weber Filip Kuba 50 1 2 2
4 vs 4 Forward
Center Wing Time % Phy DF OF
1 Mike Richards Rick Nash 60 1 2 2
2 Tyler Johnson Sean Bergenheim 40 1 2 2
4 vs 4 Defense
Defense Defense Time % Phy DF OF
1 Shea Weber Ole-Kristian Tollefsen 60 1 2 2
2 Stephane Robidas Filip Kuba 40 1 2 2
Last Minutes Offensive
Center Left Wing Right Wing Defense Defense
Mike Richards Rick Nash Phil Kessel Shea Weber Ole-Kristian Tollefsen
Last Minutes Defensive
Center Left Wing Right Wing Defense Defense
Tyler Johnson Rick Nash Steve Downie Shea Weber Ole-Kristian Tollefsen
Goaltenders
Starting : Michal Neuvirth
Backup : Mike McKenna
Extra Forwards
Normal : Rick Nash, Sean Bergenheim, Adam Henrique - PP : Steve Downie, Ales Hemsky - PK : Mike Brown
Extra Defensemen
Normal : Shea Weber, Ole-Kristian Tollefsen, Chris Campoli - PP : Chris Campoli - PK : Ole-Kristian Tollefsen, Stephane Robidas
Penalty Shots
Rick Nash, Mike Richards, Steve Downie, Shea Weber, Phil Kessel
Penguins
5 vs 5 Forward
Center Left Wing Right Wing Time % Phy DF OF
1 Steven Stamkos Simon Gagné Nathan Horton 40 1 2 2
2 Josef Vasicek Dustin Penner Bobby Ryan 30 1 2 2
3 Sam Gagner Max Pacioretty Brian McGrattan 20 1 2 2
4 Oleg Kvasha Steve Sullivan Steven Stamkos 10 1 2 2
5 vs 5 Defense
Defense Defense Time % Phy DF OF
1 Dion Phaneuf Sean Zimmerman 40 1 2 2
2 Duncan Keith Luke Schenn 30 1 2 2
3 Paul Ranger Cory Sarich 20 1 2 2
4 Dion Phaneuf Sean Zimmerman 10 1 2 2
PowerPlay Forward
Center Left Wing Right Wing Time % Phy DF OF
1 Steven Stamkos Simon Gagné Nathan Horton 60 1 2 2
2 Josef Vasicek Dustin Penner Bobby Ryan 40 1 2 2
PowerPlay Defense
Defense Defense Time % Phy DF OF
1 Dion Phaneuf Sean Zimmerman 60 1 2 2
2 Duncan Keith Luke Schenn 40 1 2 2
Penalty Kill 4 Players Forward
Center Wing Time % Phy DF OF
1 Steven Stamkos Nathan Horton 60 1 2 2
2 Bobby Ryan Simon Gagné 40 1 2 2
Penalty Kill 4 Players Defense
Defense Defense Time % Phy DF OF
1 Dion Phaneuf Sean Zimmerman 60 1 2 2
2 Duncan Keith Luke Schenn 40 1 2 2
Penalty Kill - 3 Players Forward
Forward Time % Phy DF OF
1 Steven Stamkos 60 1 2 2
2 Nathan Horton 40 1 2 2
Penalty Kill - 3 Players Defense
Defense Defense Time % Phy DF OF
1 Dion Phaneuf Sean Zimmerman 60 1 2 2
2 Duncan Keith Luke Schenn 40 1 2 2
4 vs 4 Forward
Center Wing Time % Phy DF OF
1 Steven Stamkos Nathan Horton 60 1 2 2
2 Bobby Ryan Simon Gagné 40 1 2 2
4 vs 4 Defense
Defense Defense Time % Phy DF OF
1 Dion Phaneuf Sean Zimmerman 60 1 2 2
2 Duncan Keith Luke Schenn 40 1 2 2
Last Minutes Offensive
Center Left Wing Right Wing Defense Defense
Steven Stamkos Simon Gagné Nathan Horton Dion Phaneuf Sean Zimmerman
Last Minutes Defensive
Center Left Wing Right Wing Defense Defense
Steven Stamkos Simon Gagné Nathan Horton Dion Phaneuf Sean Zimmerman
Goaltenders
Starting : Brian Elliott
Backup : Josh Tordjman
Extra Forwards
Normal : Brayden Schenn, Brian McGrattan, Max Pacioretty - PP : Brayden Schenn, Brian McGrattan - PK : Max Pacioretty
Extra Defensemen
Normal : Paul Ranger, Cory Sarich, Duncan Keith - PP : Paul Ranger - PK : Cory Sarich, Duncan Keith
Penalty Shots
Steven Stamkos, Nathan Horton, Bobby Ryan, Simon Gagné, Dustin Penner
% Time on Ice - Red Wings
Lines # - Real PCT - Wanted PCT - Time Play
Normal Forward
1 - 33% - 40% - 16:17
2 - 26% - 30% - 12:35
3 - 23% - 20% - 11:06
4 - 18% - 10% - 8:50
Normal Defense
1 - 40% - 40% - 19:25
2 - 34% - 35% - 16:46
3 - 15% - 15% - 7:15
4 - 11% - 10% - 5:22
PP Forward
1 - 56% - 60% - 4:25
2 - 44% - 40% - 3:31
PP Defense
1 - 62% - 60% - 4:57
2 - 38% - 40% - 2:59
PK Forward
1 - 52% - 50% - 1:06
2 - 48% - 50% - 1:00
PK Defense
1 - 52% - 50% - 1:06
2 - 48% - 50% - 1:00
PK3 Forward
1 - 0% - 60%
2 - 0% - 40%
PK3 Defense
1 - 0% - 50%
2 - 0% - 50%
44 Forward
1 - 0% - 60%
2 - 0% - 40%
44 Defense
1 - 0% - 60%
2 - 0% - 40%
Last Minute Offensive - 1:10
Last Minute Defensive - 0:00
Total
Forward - 60:00
Defense - 60:00
|
% Time on Ice - Penguins
Lines # - Real PCT - Wanted PCT - Time Play
Normal Forward
1 - 29% - 40% - 14:14
2 - 31% - 30% - 15:11
3 - 27% - 20% - 12:56
4 - 13% - 10% - 6:24
Normal Defense
1 - 39% - 40% - 18:57
2 - 33% - 30% - 16:12
3 - 25% - 20% - 12:18
4 - 3% - 10% - 1:18
PP Forward
1 - 50% - 60% - 1:03
2 - 50% - 40% - 1:03
PP Defense
1 - 75% - 60% - 1:34
2 - 25% - 40% - 0:32
PK Forward
1 - 69% - 60% - 5:30
2 - 31% - 40% - 2:26
PK Defense
1 - 67% - 60% - 5:19
2 - 33% - 40% - 2:37
PK3 Forward
1 - 0% - 60%
2 - 0% - 40%
PK3 Defense
1 - 0% - 60%
2 - 0% - 40%
44 Forward
1 - 0% - 60%
2 - 0% - 40%
44 Defense
1 - 0% - 60%
2 - 0% - 40%
Last Minute Offensive - 0:00
Last Minute Defensive - 1:13
Total
Forward - 60:00
Defense - 60:00
|
Play by Play
1st period
0:01 of 1st period - Mike Richards wins face-off versus Steven Stamkos in neutral zone.
0:13 of 1st period - Snap shot by Simon Gagné.
0:13 of 1st period - Shot Blocked by Mike Richards.
0:15 of 1st period - Wrist shot by Nathan Horton.
0:15 of 1st period - Deflect By Steven Stamkos.
0:15 of 1st period - Stopped by Michal Neuvirth with a rebound.
0:35 of 1st period - Wrist shot by Josef Vasicek.
0:35 of 1st period - Shot Misses the Net.
0:55 of 1st period - Wrist shot by Sam Gagner.
0:55 of 1st period - Stopped by Michal Neuvirth without a rebound.
0:56 of 1st period - Nate Thompson wins face-off versus Oleg Kvasha in Red Wings zone.
1:00 of 1st period - Off-side.
1:01 of 1st period - Nate Thompson wins face-off versus Oleg Kvasha in neutral zone.
1:35 of 1st period - Snap shot by Phil Kessel.
1:35 of 1st period - Shot Hit the Post.
2:15 of 1st period - Slapshot by Tomas Plekanec.
2:15 of 1st period - Shot Misses the Net.
3:06 of 1st period - Icing by Steve Downie.
3:07 of 1st period - Sam Gagner wins face-off versus Tyler Johnson in Red Wings zone.
3:49 of 1st period - Dion Phaneuf is hit by Tomas Plekanec and loses puck.
4:22 of 1st period - Wrist shot by Nate Thompson.
4:22 of 1st period - Shot Misses the Net.
4:59 of 1st period - Wrist shot by Adam Henrique.
4:59 of 1st period - Stopped by Brian Elliott without a rebound.
5:00 of 1st period - Sam Gagner wins face-off versus Mike Richards in Penguins zone.
5:07 of 1st period - Slapshot by Dion Phaneuf.
5:07 of 1st period - Stopped by Michal Neuvirth without a rebound.
5:08 of 1st period - Mike Richards wins face-off versus Sam Gagner in Red Wings zone.
5:13 of 1st period - Filip Kuba is hit by Brian McGrattan and loses puck.
5:24 of 1st period - Slapshot by Rick Nash.
5:24 of 1st period - Goal by Rick Nash - Red Wings : 1 - Penguins : 0.
5:25 of 1st period - Mike Richards wins face-off versus Steven Stamkos in neutral zone.
5:34 of 1st period - Snap shot by Nathan Horton.
5:34 of 1st period - Shot Misses the Net.
6:36 of 1st period - Tim Ramholt is hit by Dion Phaneuf and loses puck.
7:00 of 1st period - Steven Stamkos is hit by Chris Campoli and loses puck.
7:06 of 1st period - Icing by Nathan Horton.
7:07 of 1st period - Steven Stamkos wins face-off versus Mike Richards in Penguins zone.
7:47 of 1st period - Wrist shot by Sean Bergenheim.
7:47 of 1st period - Shot Blocked by Sean Zimmerman.
8:13 of 1st period - Minor Penalty to Sam Gagner for Interference.
8:14 of 1st period - Mike Richards wins face-off versus Steven Stamkos in Penguins zone.
8:27 of 1st period - Snap shot by Rick Nash.
8:27 of 1st period - Stopped by Brian Elliott without a rebound.
8:28 of 1st period - Steven Stamkos wins face-off versus Phil Kessel in Penguins zone.
8:37 of 1st period - Steven Stamkos is hit by Ole-Kristian Tollefsen and loses puck.
8:58 of 1st period - Snap shot by Sean Bergenheim.
8:58 of 1st period - Stopped by Brian Elliott with a rebound.
9:00 of 1st period - Snap shot by Ole-Kristian Tollefsen.
9:00 of 1st period - Shot Blocked by Dion Phaneuf.
9:02 of 1st period - Wrist shot by Tyler Johnson.
9:02 of 1st period - Stopped by Brian Elliott with a rebound.
9:04 of 1st period - Wrist shot by Tyler Johnson.
9:04 of 1st period - Shot Blocked by Sean Zimmerman.
10:13 of 1st period - Penalty to Sam Gagner is over, Sam Gagner is back on ice.
10:24 of 1st period - Dion Phaneuf is hit by Chris Campoli and loses puck.
10:27 of 1st period - Snap shot by Dustin Penner.
10:27 of 1st period - Stopped by Michal Neuvirth with a rebound.
10:29 of 1st period - Snap shot by Bobby Ryan.
10:29 of 1st period - Shot Misses the Net.
11:42 of 1st period - Chris Campoli is hit by Bobby Ryan and loses puck.
12:31 of 1st period - Duncan Keith is hit by Rick Nash and loses puck.
12:46 of 1st period - Minor Penalty to Luke Schenn for Interference.
12:47 of 1st period - Mike Richards wins face-off versus Steven Stamkos in Penguins zone.
12:53 of 1st period - Snap shot by Mike Richards.
12:53 of 1st period - Stopped by Brian Elliott with a rebound.
12:55 of 1st period - Snap shot by Rick Nash.
12:55 of 1st period - Shot Misses the Net.
12:57 of 1st period - Slapshot by Rick Nash.
12:57 of 1st period - Stopped by Brian Elliott without a rebound.
12:58 of 1st period - Steven Stamkos wins face-off versus Mike Richards in Penguins zone.
13:09 of 1st period - Wrist shot by Rick Nash.
13:09 of 1st period - Stopped by Brian Elliott without a rebound.
13:10 of 1st period - Steven Stamkos wins face-off versus Mike Richards in Penguins zone.
13:59 of 1st period - Nathan Horton is hit by Shea Weber and loses puck.
14:46 of 1st period - Penalty to Luke Schenn is over, Luke Schenn is back on ice.
15:19 of 1st period - Paul Ranger is hit by Chris Campoli and loses puck.
15:44 of 1st period - Alex Picard is hit by Brian McGrattan and loses puck.
16:07 of 1st period - Snap shot by Bobby Ryan.
16:07 of 1st period - Stopped by Michal Neuvirth with a rebound.
16:35 of 1st period - Steven Stamkos is hit by Tim Ramholt and loses puck.
16:58 of 1st period - Adam Henrique is hit by Steve Sullivan and loses puck.
17:33 of 1st period - Nate Thompson is hit by Sean Zimmerman and loses puck.
18:18 of 1st period - Snap shot by Sean Bergenheim.
18:18 of 1st period - Shot Blocked by Duncan Keith.
18:30 of 1st period - Adam Henrique is hit by Nathan Horton and loses puck.
18:59 of 1st period - Dion Phaneuf is hit by Steve Downie and loses puck.
19:20 of 1st period - Alex Picard is hit by Oleg Kvasha and loses puck.
19:37 of 1st period - Dustin Penner is hit by Tim Ramholt and loses puck.
Goals for this period are 1 for Red Wings vs 0 for Penguins.
Shots for this period are 8 for Red Wings vs 5 for Penguins.
2nd period
0:01 of 2nd period - Steven Stamkos wins face-off versus Mike Richards in neutral zone.
0:04 of 2nd period - Slapshot by Dion Phaneuf.
0:04 of 2nd period - Deflect By Steven Stamkos.
0:04 of 2nd period - Shot Blocked by Shea Weber.
0:04 of 2nd period - Puck is out of play.
0:05 of 2nd period - Mike Richards wins face-off versus Steven Stamkos in Red Wings zone.
0:20 of 2nd period - Snap shot by Phil Kessel.
0:20 of 2nd period - Stopped by Brian Elliott without a rebound.
0:21 of 2nd period - Tyler Johnson wins face-off versus Nathan Horton in Penguins zone.
0:29 of 2nd period - Minor Penalty to Simon Gagné for Hooking.
0:30 of 2nd period - Mike Richards wins face-off versus Steven Stamkos in Penguins zone.
0:32 of 2nd period - Slapshot by Phil Kessel.
0:32 of 2nd period - Stopped by Brian Elliott with a rebound.
0:34 of 2nd period - Snap shot by Rick Nash.
0:34 of 2nd period - Red Wings goal is going for a video replay.
0:34 of 2nd period - The goal is refused. The puck has been directed, batted or thrown into the net by an attacking player other than with a stick..
0:35 of 2nd period - Mike Richards wins face-off versus Steven Stamkos in Penguins zone.
2:07 of 2nd period - Sean Zimmerman is hit by Filip Kuba and loses puck.
2:29 of 2nd period - Penalty to Simon Gagné is over, Simon Gagné is back on ice.
3:32 of 2nd period - Steve Downie is hit by Steven Stamkos.
4:55 of 2nd period - Ales Hemsky is hit by Brian McGrattan.
5:13 of 2nd period - Phil Kessel is hit by Duncan Keith and loses puck.
5:34 of 2nd period - Alex Picard is hit by Cory Sarich and loses puck.
6:28 of 2nd period - Max Pacioretty is hit by Chris Campoli and loses puck.
7:10 of 2nd period - Icing by Shea Weber.
7:11 of 2nd period - Oleg Kvasha wins face-off versus Alex Picard in Red Wings zone.
7:12 of 2nd period - Wrist shot by Steven Stamkos.
7:12 of 2nd period - Shot Misses the Net.
7:28 of 2nd period - Sean Zimmerman is hit by Alex Picard.
7:50 of 2nd period - Snap shot by Rick Nash.
7:50 of 2nd period - Deflect By Sam Gagner.
7:50 of 2nd period - Stopped by Brian Elliott without a rebound.
7:51 of 2nd period - Tyler Johnson wins face-off versus Steven Stamkos in Penguins zone.
8:05 of 2nd period - Snap shot by Steven Stamkos.
8:05 of 2nd period - Shot Misses the Net.
8:15 of 2nd period - Chris Campoli is hit by Dustin Penner and loses puck.
8:27 of 2nd period - Snap shot by Rick Nash.
8:27 of 2nd period - Stopped by Brian Elliott with a rebound.
9:04 of 2nd period - Snap shot by Phil Kessel.
9:04 of 2nd period - Shot Blocked by Duncan Keith.
9:15 of 2nd period - Off-side.
9:16 of 2nd period - Tyler Johnson wins face-off versus Steven Stamkos in neutral zone.
9:21 of 2nd period - Dion Phaneuf is hit by Sean Bergenheim and loses puck.
9:51 of 2nd period - Snap shot by Sam Gagner.
9:51 of 2nd period - Stopped by Michal Neuvirth without a rebound.
9:52 of 2nd period - Ales Hemsky wins face-off versus Sam Gagner in Red Wings zone.
9:52 of 2nd period - Tomas Plekanec is hit by Brian McGrattan and loses puck.
10:13 of 2nd period - Brian McGrattan is hit by Ales Hemsky.
10:19 of 2nd period - Tomas Plekanec is hit by Max Pacioretty and loses puck.
10:30 of 2nd period - Wrist shot by Adam Henrique.
10:30 of 2nd period - Stopped by Brian Elliott without a rebound.
10:31 of 2nd period - Mike Richards wins face-off versus Steven Stamkos in Penguins zone.
10:32 of 2nd period - Wrist shot by Phil Kessel.
10:32 of 2nd period - Stopped by Brian Elliott without a rebound.
10:33 of 2nd period - Mike Richards wins face-off versus Steven Stamkos in Penguins zone.
10:44 of 2nd period - Filip Kuba is hit by Steven Stamkos and loses puck.
11:09 of 2nd period - Snap shot by Bobby Ryan.
11:09 of 2nd period - Stopped by Michal Neuvirth without a rebound.
11:10 of 2nd period - Steven Stamkos wins face-off versus Tyler Johnson in Red Wings zone.
11:17 of 2nd period - Wrist shot by Nathan Horton.
11:17 of 2nd period - Stopped by Michal Neuvirth with a rebound.
11:19 of 2nd period - Slapshot by Duncan Keith.
11:19 of 2nd period - Deflect By Steven Stamkos.
11:19 of 2nd period - Goal by Steven Stamkos - Red Wings : 1 - Penguins : 1.
11:20 of 2nd period - Mike Richards wins face-off versus Steven Stamkos in neutral zone.
11:27 of 2nd period - Slapshot by Steven Stamkos.
11:27 of 2nd period - Shot Misses the Net.
11:33 of 2nd period - Snap shot by Steven Stamkos.
11:33 of 2nd period - Stopped by Michal Neuvirth with a rebound.
11:35 of 2nd period - Slapshot by Sean Zimmerman.
11:35 of 2nd period - Shot Blocked by Ole-Kristian Tollefsen.
11:37 of 2nd period - Snap shot by Nathan Horton.
11:37 of 2nd period - Stopped by Michal Neuvirth with a rebound.
12:31 of 2nd period - Minor Penalty to Filip Kuba for Interference.
12:32 of 2nd period - Steven Stamkos wins face-off versus Tyler Johnson in Red Wings zone.
12:32 of 2nd period - Snap shot by Nathan Horton.
12:32 of 2nd period - Stopped by Michal Neuvirth with a rebound.
12:34 of 2nd period - Slapshot by Dion Phaneuf.
12:34 of 2nd period - Shot Blocked by Ole-Kristian Tollefsen.
12:36 of 2nd period - Snap shot by Nathan Horton.
12:36 of 2nd period - Shot Misses the Net.
12:38 of 2nd period - Wrist shot by Nathan Horton.
12:38 of 2nd period - Goal by Nathan Horton - Red Wings : 1 - Penguins : 2.
12:39 of 2nd period - Steven Stamkos wins face-off versus Mike Richards in neutral zone.
12:56 of 2nd period - Wrist shot by Steven Stamkos.
12:56 of 2nd period - Shot Misses the Net.
13:06 of 2nd period - Shea Weber is hit by Dustin Penner and loses puck.
13:49 of 2nd period - Snap shot by Nate Thompson.
13:49 of 2nd period - Stopped by Brian Elliott with a rebound.
13:51 of 2nd period - Slapshot by Ole-Kristian Tollefsen.
13:51 of 2nd period - Stopped by Brian Elliott without a rebound.
13:52 of 2nd period - Mike Richards wins face-off versus Steven Stamkos in Penguins zone.
14:52 of 2nd period - Slapshot by Sam Gagner.
14:52 of 2nd period - Deflect By Max Pacioretty.
14:52 of 2nd period - Stopped by Michal Neuvirth without a rebound.
14:53 of 2nd period - Mike Richards wins face-off versus Steven Stamkos in Red Wings zone.
14:53 of 2nd period - Mike Richards is hit by Simon Gagné.
15:08 of 2nd period - Wrist shot by Mike Richards.
15:08 of 2nd period - Shot Misses the Net.
15:10 of 2nd period - Wrist shot by Phil Kessel.
15:10 of 2nd period - Stopped by Brian Elliott with a rebound.
15:20 of 2nd period - Sean Bergenheim is hit by Dustin Penner.
17:58 of 2nd period - Snap shot by Nathan Horton.
17:58 of 2nd period - Stopped by Michal Neuvirth without a rebound.
17:59 of 2nd period - Mike Richards wins face-off versus Brayden Schenn in Red Wings zone.
18:30 of 2nd period - Wrist shot by Rick Nash.
18:30 of 2nd period - Stopped by Brian Elliott without a rebound.
18:31 of 2nd period - Sam Gagner wins face-off versus Tyler Johnson in Penguins zone.
19:22 of 2nd period - Slapshot by Phil Kessel.
19:22 of 2nd period - Deflect By Rick Nash.
19:22 of 2nd period - Shot Blocked by Duncan Keith.
19:22 of 2nd period - Puck is out of play.
19:23 of 2nd period - Josef Vasicek wins face-off versus Mike Richards in Penguins zone.
19:36 of 2nd period - Wrist shot by Josef Vasicek.
19:36 of 2nd period - Stopped by Michal Neuvirth with a rebound.
Goals for this period are 0 for Red Wings vs 2 for Penguins.
Shots for this period are 11 for Red Wings vs 11 for Penguins.
3rd period
0:01 of 3rd period - Mike Richards wins face-off versus Steven Stamkos in neutral zone.
0:05 of 3rd period - Minor Penalty to Dion Phaneuf for Hooking.
0:06 of 3rd period - Steven Stamkos wins face-off versus Mike Richards in Penguins zone.
0:23 of 3rd period - Steven Stamkos is hit by Rick Nash and loses puck.
0:40 of 3rd period - Backhand shot by Ole-Kristian Tollefsen.
0:40 of 3rd period - Stopped by Brian Elliott with a rebound.
1:41 of 3rd period - Sean Bergenheim is hit by Cory Sarich and loses puck.
1:48 of 3rd period - Adam Henrique is hit by Dustin Penner and loses puck.
2:00 of 3rd period - Icing by Tyler Johnson.
2:01 of 3rd period - Adam Henrique wins face-off versus Steven Stamkos in Red Wings zone.
2:05 of 3rd period - Penalty to Dion Phaneuf is over, Dion Phaneuf is back on ice.
2:31 of 3rd period - Filip Kuba is hit by Dion Phaneuf and loses puck.
2:52 of 3rd period - Stephane Robidas is hit by Brian McGrattan and loses puck.
3:07 of 3rd period - Wrist shot by Steven Stamkos.
3:07 of 3rd period - Stopped by Michal Neuvirth with a rebound.
3:37 of 3rd period - Slapshot by Nate Thompson.
3:37 of 3rd period - Stopped by Brian Elliott with a rebound.
3:39 of 3rd period - Backhand shot by Tim Ramholt.
3:39 of 3rd period - Deflect By Steven Stamkos.
3:39 of 3rd period - Stopped by Brian Elliott without a rebound.
3:40 of 3rd period - Steven Stamkos wins face-off versus Mike Richards in Penguins zone.
4:03 of 3rd period - Snap shot by Bobby Ryan.
4:03 of 3rd period - Shot Blocked by Ales Hemsky.
4:05 of 3rd period - Snap shot by Josef Vasicek.
4:05 of 3rd period - Stopped by Michal Neuvirth with a rebound.
4:07 of 3rd period - Snap shot by Luke Schenn.
4:07 of 3rd period - Deflect By Josef Vasicek.
4:07 of 3rd period - Shot Misses the Net.
4:07 of 3rd period - Puck is out of play.
4:08 of 3rd period - Mike Richards wins face-off versus Brian McGrattan in Red Wings zone.
4:22 of 3rd period - Slapshot by Chris Campoli.
4:22 of 3rd period - Deflect By Duncan Keith.
4:22 of 3rd period - Stopped by Brian Elliott without a rebound.
4:23 of 3rd period - Steven Stamkos wins face-off versus Steve Downie in Penguins zone.
4:30 of 3rd period - Wrist shot by Nathan Horton.
4:30 of 3rd period - Stopped by Michal Neuvirth without a rebound.
4:31 of 3rd period - Tyler Johnson wins face-off versus Steven Stamkos in Red Wings zone.
4:43 of 3rd period - Snap shot by Nathan Horton.
4:43 of 3rd period - Stopped by Michal Neuvirth with a rebound.
4:45 of 3rd period - Wrist shot by Steven Stamkos.
4:45 of 3rd period - Shot Misses the Net.
4:47 of 3rd period - Wrist shot by Nathan Horton.
4:47 of 3rd period - Stopped by Michal Neuvirth without a rebound.
4:48 of 3rd period - Mike Richards wins face-off versus Josef Vasicek in Red Wings zone.
4:57 of 3rd period - Snap shot by Rick Nash.
4:57 of 3rd period - Stopped by Brian Elliott with a rebound.
5:03 of 3rd period - Slapshot by Sean Zimmerman.
5:03 of 3rd period - Stopped by Michal Neuvirth without a rebound.
5:04 of 3rd period - Steven Stamkos wins face-off versus Tyler Johnson in Red Wings zone.
5:33 of 3rd period - Snap shot by Dion Phaneuf.
5:33 of 3rd period - Stopped by Michal Neuvirth without a rebound.
5:34 of 3rd period - Josef Vasicek wins face-off versus Mike Richards in Red Wings zone.
6:21 of 3rd period - Snap shot by Steven Stamkos.
6:21 of 3rd period - Shot Misses the Net.
6:29 of 3rd period - Slapshot by Ole-Kristian Tollefsen.
6:29 of 3rd period - Stopped by Brian Elliott without a rebound.
6:30 of 3rd period - Tyler Johnson wins face-off versus Steven Stamkos in Penguins zone.
6:31 of 3rd period - Wrist shot by Steve Downie.
6:31 of 3rd period - Deflect By Sean Bergenheim.
6:31 of 3rd period - Shot Misses the Net.
6:31 of 3rd period - Puck is out of play.
6:32 of 3rd period - Tyler Johnson wins face-off versus Steven Stamkos in Penguins zone.
6:33 of 3rd period - Slapshot by Sean Bergenheim.
6:33 of 3rd period - Shot Blocked by Dion Phaneuf.
6:45 of 3rd period - Snap shot by Steven Stamkos.
6:45 of 3rd period - Shot Misses the Net.
6:47 of 3rd period - Slapshot by Steven Stamkos.
6:47 of 3rd period - Stopped by Michal Neuvirth with a rebound.
7:36 of 3rd period - Minor Penalty to Ales Hemsky for Slashing.
7:37 of 3rd period - Tomas Plekanec wins face-off versus Steven Stamkos in Red Wings zone.
8:08 of 3rd period - Slapshot by Josef Vasicek.
8:08 of 3rd period - Stopped by Michal Neuvirth without a rebound.
8:09 of 3rd period - Steven Stamkos wins face-off versus Tyler Johnson in Red Wings zone.
8:16 of 3rd period - Slapshot by Steven Stamkos.
8:16 of 3rd period - Shot Blocked by Filip Kuba.
8:18 of 3rd period - Wrist shot by Nathan Horton.
8:18 of 3rd period - Stopped by Michal Neuvirth with a rebound.
8:42 of 3rd period - Backhand shot by Bobby Ryan.
8:42 of 3rd period - Shot Blocked by Rick Nash.
8:52 of 3rd period - Ole-Kristian Tollefsen is hit by Josef Vasicek and loses puck.
9:03 of 3rd period - Ole-Kristian Tollefsen is hit by Dion Phaneuf and loses puck.
9:36 of 3rd period - Penalty to Ales Hemsky is over, Ales Hemsky is back on ice.
10:12 of 3rd period - Wrist shot by Steven Stamkos.
10:12 of 3rd period - Shot Misses the Net.
10:49 of 3rd period - Paul Ranger is hit by Tomas Plekanec and loses puck.
11:00 of 3rd period - Ole-Kristian Tollefsen is hit by Josef Vasicek.
11:38 of 3rd period - Sean Zimmerman is hit by Ole-Kristian Tollefsen and loses puck.
11:55 of 3rd period - Dion Phaneuf is hit by Tomas Plekanec and loses puck.
12:16 of 3rd period - Snap shot by Brian McGrattan.
12:16 of 3rd period - Shot Blocked by Filip Kuba.
12:18 of 3rd period - Wrist shot by Brian McGrattan.
12:18 of 3rd period - Shot Misses the Net.
12:20 of 3rd period - Wrist shot by Max Pacioretty.
12:20 of 3rd period - Stopped by Michal Neuvirth with a rebound.
12:34 of 3rd period - Wrist shot by Ales Hemsky.
12:34 of 3rd period - Shot Misses the Net.
12:36 of 3rd period - Snap shot by Tomas Plekanec.
12:36 of 3rd period - Shot Blocked by Luke Schenn.
12:38 of 3rd period - Slapshot by Adam Henrique.
12:38 of 3rd period - Stopped by Brian Elliott without a rebound.
12:39 of 3rd period - Brian McGrattan wins face-off versus Mike Richards in Penguins zone.
12:48 of 3rd period - Slapshot by Brian McGrattan.
12:48 of 3rd period - Stopped by Michal Neuvirth with a rebound.
12:54 of 3rd period - Brian McGrattan is hit by Mike Richards and loses puck.
13:33 of 3rd period - Slapshot by Steven Stamkos.
13:33 of 3rd period - Shot Misses the Net.
13:45 of 3rd period - Snap shot by Steve Sullivan.
13:45 of 3rd period - Shot Misses the Net.
13:53 of 3rd period - Wrist shot by Mike Brown.
13:53 of 3rd period - Shot Blocked by Steve Sullivan.
13:55 of 3rd period - Slapshot by Chris Campoli.
13:55 of 3rd period - Shot Misses the Net.
14:07 of 3rd period - Chris Campoli is hit by Steve Sullivan and loses puck.
14:24 of 3rd period - Snap shot by Alex Picard.
14:24 of 3rd period - Shot Misses the Net.
14:26 of 3rd period - Wrist shot by Mike Brown.
14:26 of 3rd period - Shot Misses the Net.
14:28 of 3rd period - Slapshot by Alex Picard.
14:28 of 3rd period - Stopped by Brian Elliott without a rebound.
14:29 of 3rd period - Josef Vasicek wins face-off versus Mike Richards in Penguins zone.
15:05 of 3rd period - Duncan Keith is hit by Tomas Plekanec and loses puck.
15:12 of 3rd period - Slapshot by Luke Schenn.
15:12 of 3rd period - Shot Misses the Net.
15:14 of 3rd period - Wrist shot by Bobby Ryan.
15:14 of 3rd period - Stopped by Michal Neuvirth with a rebound.
15:16 of 3rd period - Slapshot by Duncan Keith.
15:16 of 3rd period - Shot Blocked by Ole-Kristian Tollefsen.
15:20 of 3rd period - Snap shot by Bobby Ryan.
15:20 of 3rd period - Stopped by Michal Neuvirth without a rebound.
15:21 of 3rd period - Mike Richards wins face-off versus Sam Gagner in Red Wings zone.
15:28 of 3rd period - Wrist shot by Sam Gagner.
15:28 of 3rd period - Shot Misses the Net.
15:30 of 3rd period - Snap shot by Brian McGrattan.
15:30 of 3rd period - Shot Misses the Net.
15:36 of 3rd period - Slapshot by Sam Gagner.
15:36 of 3rd period - Shot Misses the Net.
16:01 of 3rd period - Bobby Ryan is hit by Steve Downie and loses puck.
16:06 of 3rd period - Slapshot by Steve Downie.
16:06 of 3rd period - Deflect By Bobby Ryan.
16:06 of 3rd period - Stopped by Brian Elliott without a rebound.
16:07 of 3rd period - Mike Richards wins face-off versus Nathan Horton in Penguins zone.
16:57 of 3rd period - Wrist shot by Tyler Johnson.
16:57 of 3rd period - Stopped by Brian Elliott with a rebound.
17:15 of 3rd period - Wrist shot by Rick Nash.
17:15 of 3rd period - Stopped by Brian Elliott with a rebound.
17:29 of 3rd period - Shea Weber is hit by Josef Vasicek and loses puck.
17:40 of 3rd period - Steve Downie is hit by Duncan Keith and loses puck.
19:05 of 3rd period - Nathan Horton is hit by Mike Richards and loses puck.
19:08 of 3rd period - Red Wings, Michal Neuvirth is pulled from the net.
19:14 of 3rd period - Wrist shot by Rick Nash.
19:14 of 3rd period - Shot Misses the Net.
19:16 of 3rd period - Slapshot by Filip Kuba.
19:16 of 3rd period - Stopped by Brian Elliott without a rebound.
19:17 of 3rd period - Terry Murray call a timeout for Red Wings.
19:17 of 3rd period - Steven Stamkos wins face-off versus Mike Richards in Penguins zone.
19:38 of 3rd period - Snap shot by Rick Nash.
19:38 of 3rd period - Shot Blocked by Sean Zimmerman.
19:40 of 3rd period - Snap shot by Phil Kessel.
19:40 of 3rd period - Shot Blocked by Dion Phaneuf.
19:42 of 3rd period - Slapshot by Chris Campoli.
19:42 of 3rd period - Shot Blocked by Sean Zimmerman.
19:50 of 3rd period - Slapshot by Rick Nash.
19:50 of 3rd period - Stopped by Brian Elliott with a rebound.
19:52 of 3rd period - Slapshot by Chris Campoli.
19:52 of 3rd period - Stopped by Brian Elliott with a rebound.
19:54 of 3rd period - Slapshot by Chris Campoli.
19:54 of 3rd period - Shot Blocked by Steven Stamkos.
Goals for this period are 0 for Red Wings vs 0 for Penguins.
Shots for this period are 14 for Red Wings vs 14 for Penguins.
Back to the Top